 Dungeon Crawl Stone Soup version 0.30-a0-187-gd9c2deaf24 (webtiles) character file.

Game seed: 14743983931855427092

1 fireball365 the Digger (level 1, -1/14 HPs)
             Began as a Demigod Earth Elementalist on Oct 3, 2022.
             Slain by a rat (2 damage)
             ... on level 1 of the Dungeon.
             The game lasted 00:01:56 (111 turns).

fireball365 the Digger (Demigod Earth Elementalist)  Turns: 111, Time: 00:01:57

Health: -1/14      AC:  2    Str:  9    XL:     1   Next: 13%
Magic:  4/5        EV: 12    Int: 17    God:
Gold:   9          SH:  0    Dex: 14    Spells: 2/3 levels left

rFire   . . .      SeeInvis .    (no weapon)
rCold   . . .      Faith    .    (no shield)
rNeg    . . .      Spirit   .    a - +0 robe
rPois   .          Reflect  .    (no helmet)
rElec   .          Harm     .    (no cloak)
rCorr   .          Rampage  .    (no gloves)
Will    .....                    (no boots)
Stlth   ++........               (no amulet)
HPRegen 0.22/turn                (no ring)
MPRegen 0.09/turn                (no ring)

@: no status effects
A: high MP 1, forlorn, divine attributes
a: no special abilities


You were on level 1 of the Dungeon.
You visited 1 branch of the dungeon, and saw 1 of its levels.

You collected 9 gold pieces.

Inventory:

Missiles
 d - 5 stones
Armour
 a - a +0 robe (worn)
Scrolls
 c - a scroll of immolation {unknown}
 e - a scroll of poison {unknown}
Potions
 b - a potion of magic


   Skills:
 + Level 1.7 Dodging
 + Level 1.7 Stealth
 + Level 1.7 Spellcasting
 + Level 0.8 Transmutations
 + Level 2.8 Earth Magic


You had 2 spell levels left.
You knew the following spells:

 Your Spells              Type           Power      Damage    Failure   Level
a - Sandblast             Erth           22%        2d7       6%          1

Your spell library contained the following spells:

 Spells                   Type           Power      Damage    Failure   Level
 Passwall                 Tmut/Erth      5%         N/A       14%         2
 Stone Arrow              Conj/Erth      12%        3d7       32%         3
 Petrify                  Tmut/Erth      7%         N/A       67%         4


Dungeon Overview and Level Annotations

Branches:
Dungeon (1/15)


Innate Abilities, Weirdness & Mutations

You have an increased reservoir of magic. (+10% MP)
You shall have no god before yourself.
Your divine heritage dramatically boosts your attributes as you level up.


Message History

You now have 9 gold pieces.
Found a scroll labelled CIUVEO ETILY.
e - a scroll labelled CIUVEO ETILY A hobgoblin comes into view.
Found a pair of boots.
Found a robe.
The hobgoblin shouts!
You hear an angry hiss.
A hobgoblin comes into view.
The hobgoblin hits you.
You barely miss the hobgoblin. The hobgoblin hits you.
You hit the hobgoblin but do no damage. The hobgoblin hits you.
You closely miss the hobgoblin. The hobgoblin closely misses you.
You barely miss the hobgoblin. The hobgoblin misses you.
You are too injured to fight recklessly!
The hobgoblin attacks as you move away!
The hobgoblin hits you but does no damage.
The hobgoblin attacks as you move away! The hobgoblin hits you.
* * * LOW HITPOINT WARNING * * *
The hobgoblin closely misses you. The hobgoblin attacks as you move away!
The hobgoblin hits you.
* * * LOW HITPOINT WARNING * * *
A rat comes into view.
The hobgoblin attacks as you move away! The hobgoblin barely misses you.
The rat barely misses you. The hobgoblin attacks as you move away!
The hobgoblin completely misses you. The hobgoblin attacks as you move away!
The hobgoblin closely misses you. The hobgoblin attacks as you move away!
The hobgoblin closely misses you. The rat attacks as you move away!
The rat bites you but does no damage. The hobgoblin attacks as you move away!
The hobgoblin barely misses you.
Casting: Sandblast (safe; 6% risk of failure)
Confirm with . or Enter, or press ? or * to list all spells.
Aiming: Sandblast (safe; 6% risk of failure)
Press: ? - help, Shift-Dir - straight line, f - hobgoblin
Aim: a hobgoblin (82% to hit)
The blast of sand hits the hobgoblin.
The hobgoblin is almost dead.
The hobgoblin hits you.
* * * LOW HITPOINT WARNING * * *
The rat bites you.
You die...

# #####.##.# #
...#.##.#
#########.#.##.###
##...............#
#................#
...#####.........#
#................#
########.........#
..............gg@#
########.......r.#
# #..........## #
#..........# #
#............ #
#............. #
#.............. #
#..........#### #


You could see 2 hobgoblins and a rat.

Vanquished Creatures
  An endoplasm (D:1)
1 creature vanquished.

Notes
Turn   | Place    | Note
-------+----------+-------------------------------------------
     0 | D:1      | fireball365 the Demigod Earth Elementalist began the quest
                  | for the Orb.
     0 | D:1      | Reached XP level 1. HP: 14/14 MP: 5/5
     0 | D:1      | Noticed a minotaur
     2 | D:1      | Noticed a demonspawn zombie
     7 | D:1      | Noticed an elf
    10 | D:1      | Noticed a naga
    12 | D:1      | Noticed a minotaur
    14 | D:1      | Noticed a vine stalker
   111 | D:1      | Slain by a rat

Illustrated notes

Levels and vault maps discovered:
D:1:      shiori_arrival_whats_in_store_for_you, layout_basic, serial_shops,
          nicolae_shop_hallway_stairs, minmay_heptomino_d4

Action                   || total
-------------------------++-------
Melee: Unarmed           ||     4
 Cast: Sandblast         ||     2
Armor: Robe              ||     2
Dodge: Dodged            ||     9

Table legend: (Time is in decaauts)
 A = Elapsed time spent in this place.
 B = Non-inter-level travel time spent in this place.
 C = Inter-level travel time spent in this place.
 D = Time resting spent in this place.
 E = Time spent auto-exploring this place.
 F = Levels seen in this place.
 G = Mean time per level.
                   A        B        C        D        E       F      G
               +--------+--------+--------+--------+--------+-----+--------+
         Total |    111 |    111 |      0 |      0 |      0 |   1 |  111.0 |
       Dungeon |    111 |    111 |      0 |      0 |      0 |   1 |  111.0 |
               +--------+--------+--------+--------+--------+-----+--------+

Top non-repeatable levels by time:
     D:1: 111 daAuts
